 Dungeon Crawl Stone Soup version 0.28-a0-973-ga7f8b01127 (webtiles) character file.

Game seed: 7497685370586995796

6 Goblin1989 the Chopper (level 1, 0/18 HPs)
             Began as a Demonspawn Cinder Acolyte on Dec 1, 2021.
             Was a High Priest of Ignis.
             Constricted to death by a ball python (1 damage)
             ... on level 1 of the Dungeon.
             The game lasted 00:00:15 (90 turns).

Goblin1989 the Chopper (Demonspawn Cinder Acolyte)    Turns: 90, Time: 00:00:15

Health: 0/18       AC:  2    Str: 14    XL:     1   Next: 75%
Magic:  2/2        EV:  8    Int: 15    God:    Ignis [*****.]
Gold:   14         SH:  0    Dex:  8    Spells: 2/2 levels left

rFire   + . .      SeeInvis .   a - -1 hand axe (flame)
rCold   . . .      Faith    .   (no shield)
rNeg    . . .      Spirit   .   b - +0 robe
rPois   .          Reflect  .   (no helmet)
rElec   .          Harm     .   (no cloak)
rCorr   .          Rampage  .   (no gloves)
Will    .....                   (no boots)
Stlth   +.........              (no amulet)
HPRegen 0.06/turn               (no ring)
MPRegen 0.08/turn               (no ring)

@: constricted
A: no striking features
a: Renounce Religion, Fiery Armour, Foxfire Swarm, Rising Flame


You were on level 1 of the Dungeon.
You worshipped Ignis.
Ignis was extremely pleased with you.
You visited 1 branch of the dungeon, and saw 1 of its levels.

You collected 14 gold pieces.

Inventory:

Hand Weapons
 a - a -1 hand axe of flaming (weapon)
Armour
 b - a +0 robe (worn)


   Skills:
 - Level 3.0 Fighting
 + Level 3.1 Axes
 - Level 1.0 Spellcasting
 - Level 2.6 Fire Magic


You had 2 spell levels left.
You didn't know any spells.
Your spell library contained the following spells:

 Spells                   Type           Power      Damage    Failure   Level
 Scorch                   Fire           16%        2d6       12%         2


Dungeon Overview and Level Annotations

Branches:
Dungeon (1/15)

Altars:


Message History

No target in view!
No target in view!
No target in view!
No target in view!
No target in view!
No target in view!
No target in view!
No target in view!
No target in view!
No target in view!
No target in view!
No target in view!
No target in view!
No target in view!
No target in view!
No target in view!
No target in view!
HP restored.
You now have 14 gold pieces.
A goblin and a kobold come into view.
The kobold is wielding a +3 short sword of speed.
Found a stone staircase leading down.
The goblin shouts!
The kobold shouts!
A dart slug comes into view.
Health restored: 18
There are monsters nearby!
There are monsters nearby!
A ball python comes into view.
The ball python hisses angrily.
You hit the kobold. You burn the kobold.
You kill the kobold!
You barely miss the goblin. The goblin completely misses you.
You barely miss the goblin. The goblin misses you.
The goblin hits you with a +0 dagger.
You take 2 damage, and have 16/18 hp.
You hit the goblin. You burn the goblin.
The goblin is heavily wounded.
The goblin hits you with a +0 dagger.
You take 3 damage, and have 13/18 hp.
You closely miss the goblin.
The goblin is heavily wounded.
You hit the dart slug but do no damage. The goblin barely misses you.
You hit the goblin. You burn the goblin.
You kill the goblin!
You hit the dart slug but do no damage. The dart slug launches a dart at you.
The slug dart hits you. The ball python barely misses you. x2
You take 3 damage, and have 10/18 hp.
You are too injured to fight recklessly!
You are too injured to fight recklessly!
You are too injured to fight recklessly!
You are too injured to fight recklessly!
You are too injured to fight recklessly!
You are too injured to fight recklessly!
You are too injured to fight recklessly!
You are too injured to fight recklessly!
You are too injured to fight recklessly!
You are too injured to fight recklessly!
You are too injured to fight recklessly!
You are too injured to fight recklessly!
You are too injured to fight recklessly!
You are too injured to fight recklessly!
You are too injured to fight recklessly!
You are too injured to fight recklessly!
You are too injured to fight recklessly!
You are too injured to fight recklessly!
You are too injured to fight recklessly!
You are too injured to fight recklessly!
You are too injured to fight recklessly!
You are too injured to fight recklessly!
You are too injured to fight recklessly!
You hit the dart slug. You burn the dart slug.
The dart slug is moderately wounded.
You hit the ball python but do no damage.
The ball python closely misses you. The ball python barely misses you.
The dart slug launches a dart at you. The slug dart hits you.
* * * LOW HITPOINT WARNING * * *
You take 3 damage, and have 7/18 hp.
You hit the dart slug. You burn the dart slug.
The dart slug is severely wounded.
You closely miss the ball python. The ball python bites you.
* * * LOW HITPOINT WARNING * * *
The ball python grabs you. The ball python constricts you.
The dart slug bites you.
* * * LOW HITPOINT WARNING * * *
The ball python closely misses you. The ball python constricts you.
You take 4 damage, and have 3/18 hp.
MASSIVE DAMAGE!!
You hit the dart slug. You burn the dart slug.
You kill the dart slug!
You hit the ball python. You burn the ball python. The ball python bites you.
* * * LOW HITPOINT WARNING * * *
The ball python constricts you.
Your Axes skill increases to level 3!
You take 2 damage, and have 1/18 hp.
You escape the ball python's grasp.
The ball python barely misses you. The ball python grabs you.
The ball python constricts you.
You die...

█.█ █......█. █..
█....█.█. █.█ █...██.█.
█.█ █.....Ψ█. █.█
███..█████.
███████.██████.........<
...............█..█████.
███████.████████..... █.
█@█ █...██.█.


█S█ █....█ █. █.█ █......█. █████.█ █......█. █...$.█████████.....█.
█.███.)...... █)█.█.███ ...... .......█ You could see a ball python.

Vanquished Creatures
  A dart slug (D:1)
  A goblin (D:1)
  A bat (D:1)
  A frilled lizard (D:1)
  A kobold (D:1)
5 creatures vanquished.

Notes
Turn   | Place    | Note
-------+----------+-------------------------------------------
     0 | D:1      | Goblin1989 the Demonspawn Cinder Acolyte began the quest
                  | for the Orb.
     0 | D:1      | Reached XP level 1. HP: 18/18 MP: 2/2
    90 | D:1      | Constricted to death by a ball python

Illustrated notes

Levels and vault maps discovered:
D:1:      matt_arrival_grand_opening, layout_loops_ring, st_stairs_4

Skill      XL: |  1 |
---------------+----+-----
Axes           | 3 |  3.1
Fighting       | |  3.0
Spellcasting   | |  1.0
Fire Magic     | |  2.6

Action                   || total
-------------------------++-------
Melee: Hand axe          ||    12
Armor: Robe              ||     1
Dodge: Dodged            ||    12

Table legend: (Time is in decaauts)
 A = Elapsed time spent in this place.
 B = Non-inter-level travel time spent in this place.
 C = Inter-level travel time spent in this place.
 D = Time resting spent in this place.
 E = Time spent auto-exploring this place.
 F = Levels seen in this place.
 G = Mean time per level.
                   A        B        C        D        E       F      G
               +--------+--------+--------+--------+--------+-----+--------+
         Total |     91 |     91 |      0 |      0 |     67 |   1 |   91.0 |
       Dungeon |     91 |     91 |      0 |      0 |     67 |   1 |   91.0 |
               +--------+--------+--------+--------+--------+-----+--------+

Top non-repeatable levels by time:
     D:1: 91 daAuts
